AoeStats
← WildesPony

Black Forest

510136873Analyzed
3v3 RM · 3d ago on Sep 29, 2026· 57m 40s· 6 players
Game mode
Random Map
Map size
Normal (6 player)
Population
200
Speed
Normal
Resources
Standard
Victory
Conquest
Starting age
Dark Age
Ending age
Imperial Age
RankedLock teamsTeams togetherTeam positionsShared explorationLock speedFull tech treeHidden civsTurbo modeCheats
Victory
Defeat
🇩🇪 Britons · Germany
896
+15
🇩🇪 Bohemians · Germany
887
+16
🇩🇪 Spanish · Germany
886
+16
🇨🇱 Franks · Chile
934
-18
🇬🇧 Turks · United Kingdom
864
-33
🇫🇮 Goths · Finland
847
-14
WildesPony
12:18 Feudal Age
15:13 Horse Collar
15:21 Double-Bit Axe
15:33 Gold Mining
15:36 Stone Mining
21:07 Castle Age
21:33 Wheelbarrow
25:57 Hand Cart
26:20 Pikeman
28:15 Heavy Plow
30:36 Caravan
34:57 Imperial Age
32:50 Ballistics
34:18 Crossbowman
36:09 Fortified Wall
36:59 Chemistry
36:38 Elite Skirmisher
37:47 Padded Archer Armor
37:37 Fletching
38:50 Conscription
37:51 Elite Longbowman
40:15 Onager
42:13 Bodkin Arrow
42:33 Leather Archer Armor
44:56 Ring Archer Armor
44:26 Bracer
44:28 Scale Mail Armor
44:38 Forging
45:02 Halberdier
45:42 Squires
49:01 Warwolf
49:25 Yeomen
49:41 Hoardings
51:48 Coinage
51:30 Guilds
Graf von Schmusestadt
12:43 Feudal Age
14:26 Wheelbarrow
13:40 Double-Bit Axe
18:27 Castle Age
19:23 Hand Cart
19:23 Bow Saw
19:34 Gold Mining
24:17 Stone Mining
25:46 Horse Collar
28:08 Scale Barding Armor
28:20 Bloodlines
28:13 Husbandry
31:18 Caravan
36:45 Imperial Age
34:48 Scale Mail Armor
35:09 Chain Barding Armor
35:51 Heavy Plow
37:25 Cavalier
38:45 Plate Barding Armor
38:33 Conscription
38:25 Forging
38:34 Chain Mail Armor
37:52 Onager
38:49 Paladin
41:48 Plate Mail Armor
43:26 Town Watch
43:28 Loom
44:23 Stone Shaft Mining
44:52 Two-Man Saw
48:59 Arson
49:28 Forging
49:19 Padded Archer Armor
49:09 Fletching
FlashBen
14:02 Feudal Age
18:58 Castle Age
17:40 Double-Bit Axe
17:41 Horse Collar
18:15 Forging
25:29 Pikeman
27:23 Bow Saw
28:51 Wheelbarrow
28:02 Town Watch
30:12 Hand Cart
34:48 Imperial Age
33:25 Chemistry
32:56 Town Patrol
35:09 Caravan
35:03 Houfnice
36:29 Iron Casting
36:00 Scale Barding Armor
36:21 Ballistics
36:12 Siege Engineers
36:30 Conscription
36:34 Husbandry
37:50 Two-Man Saw
36:54 Heavy Plow
38:30 Blast Furnace
38:46 Wagenburg Tactics
38:27 Halberdier
38:48 Onager
39:22 Cavalier
40:59 Masonry
41:00 Fortified Wall
42:51 Chain Barding Armor
42:31 Scale Mail Armor
42:10 Heavy Scorpion
43:30 Squires
Oltsukka
0:27 Loom
13:08 Feudal Age
14:33 Town Watch
15:20 Man-at-Arms
20:01 Wheelbarrow
19:17 Double-Bit Axe
19:14 Horse Collar
25:54 Fletching
26:17 Forging
26:08 Scale Mail Armor
27:34 Stone Mining
27:41 Gold Mining
33:24 Castle Age
31:48 Padded Archer Armor
34:25 Chain Mail Armor
34:46 Iron Casting
34:07 Bodkin Arrow
33:34 Pikeman
34:39 Squires
34:41 Crossbowman
35:57 Bow Saw
36:54 Heavy Plow
39:45 Hand Cart
39:45 Long Swordsman
47:12 Ballistics
46:49 Murder Holes
47:05 Masonry
46:45 Treadmill Crane
49:25 Town Patrol
52:09 Imperial Age
49:55 Masonry
50:14 Leather Archer Armor
52:16 Elite Huskarl
53:07 Halberdier
55:16 Two-Man Saw
54:48 Crop Rotation
Erdogan
12:05 Feudal Age
13:13 Double-Bit Axe
13:12 Horse Collar
14:13 Loom
17:38 Castle Age
19:03 Heavy Plow
20:10 Bow Saw
26:32 Wheelbarrow
32:40 Imperial Age
30:46 Padded Archer Armor
31:09 Hand Cart
32:55 Leather Archer Armor
33:23 Bloodlines
35:31 Conscription
35:41 Fletching
36:00 Scale Barding Armor
36:07 Forging
37:13 Husbandry
37:53 Bombard Tower
38:00 Sipahi
39:43 Gold Mining
42:25 Murder Holes
42:36 Artillery
44:41 Chain Barding Armor
44:58 Iron Casting
45:24 Treadmill Crane
47:00 Plate Barding Armor
47:36 Cavalier
49:00 Ballistics
49:23 Hoardings
50:22 Blast Furnace
49:33 Stone Mining
50:36 Ring Archer Armor
49:51 Heavy Camel Rider
52:32 Bodkin Arrow
Cuerv0
1:13 Loom
12:15 Feudal Age
12:47 Double-Bit Axe
15:52 Wheelbarrow
20:40 Castle Age
20:03 Forging
23:05 Scale Barding Armor
23:51 Hand Cart
25:58 Caravan
26:51 Town Watch
30:17 Husbandry
30:33 Gold Mining
30:36 Stone Mining
33:08 Iron Casting
35:29 Imperial Age
33:45 Gold Shaft Mining
33:45 Scale Mail Armor
34:26 Bow Saw
35:37 Chain Barding Armor
35:10 Fletching
36:00 Ballistics
36:34 Bodkin Arrow
36:56 Masonry
37:05 Chain Mail Armor
37:52 Conscription
37:39 Chivalry
38:51 Chemistry
37:40 Cavalier
39:14 Elite Throwing Axeman
41:08 Paladin
43:26 Hoardings
52:16 Blast Furnace
56:21 Architecture
Connection lost

Rejoining the realm…

Still unreachable

The connection could not be restored.

Session expired

The server has moved on; the page needs a fresh start.